 Dungeon Crawl Stone Soup version 0.19-a0-1187-g948eaf9 (webtiles) character file.

2002 AlphabetPasta the Ruffian (level 1, 0/22 HPs)
             Began as a Troll Berserker on Aug 23, 2016.
             Was a High Priest of Trog.
             Slain by a gnoll
             ... wielding a +0 spear
              (6 damage)
             ... on level 11 of the Dungeon.
             The game lasted 00:46:10 (9641 turns).

AlphabetPasta the Ruffian (Troll Berserker)         Turns: 9641, Time: 00:46:10

Health: 0/22       AC:  8    Str: 29    XL:     1   Next: 0%
Magic:  0/0        EV: 10    Int:  3    God:    Trog [*****.]
Gold:   773        SH:  0    Dex:  9    Spells: 0 memorised, 0 levels left

rFire  . . .     SeeInvis .       - Unarmed
rCold  . . .     Gourm    +     a - +1 animal skin
rNeg   . . .     Faith    .     (no shield)
rPois  .         Spirit   .     (helmet restricted)
rElec  .         Dismiss  .     u - +1 cloak
rCorr  .         Reflect  .     (gloves unavailable)
SustAt +         Harm     .     (boots unavailable)
MR     .....                    w - amulet of regeneration
Stlth  +.........               E - +5 ring of strength
                                F - ring of sustain attributes

@: flying
A: unfitting armour, claws 3, fast metabolism 3, gourmand, regeneration 2,
shaggy fur 1, tough skin 2
a: Berserk, Trog's Hand, Brothers in Arms, Burn Spellbooks, Renounce Religion


You were on level 11 of the Dungeon.
You worshipped Trog.
Trog was extremely pleased with you.
You were completely stuffed.

You visited 2 branches of the dungeon, and saw 12 of its levels.
You also visited: Ossuary.

You collected 773 gold pieces.

Inventory:

Hand Weapons
 H - a +0 broad axe
 L - the +7 trident of No More Talking {pierce, rF++, unknown}
   (You found it on level 10 of the Dungeon)

   It inflicts extra damage upon your enemies.
   It greatly protects you from fire.
Missiles
 f - 67 poisoned needles
 t - 4 tomahawks (quivered)
Armour
 a - a +1 animal skin (worn)
 u - a +1 cloak (worn)
Jewellery
 r - an uncursed ring of resist corrosion
 w - an amulet of regeneration (around neck)
 E - a +5 ring of strength (right claw)
 F - a ring of sustain attributes (left claw)
Wands
 e - a wand of paralysis (14/24)
 y - a wand of lightning (0/15)
 B - a wand of iceblast (8/15)
 G - a wand of paralysis (5/24)
 J - a wand of iceblast (2/15)
Scrolls
 j - 6 scrolls of remove curse
 q - 6 scrolls of teleportation
 v - a scroll of fear
 z - a scroll of recharging
 C - 3 scrolls of enchant weapon
 K - 2 scrolls of fog
 M - a scroll of enchant armour
Potions
 c - 4 potions of heal wounds
 d - 3 potions of agility
 h - 2 potions of cure mutation
 i - 7 potions of curing
 l - 4 potions of might
 m - 3 potions of flight
 p - 2 potions of magic {unknown}
 s - 2 potions of brilliance {unknown}
 A - a potion of lignification {unknown}
 D - a potion of mutation {unknown}
Miscellaneous
 I - a fan of gales
Comestibles
 b - 11 bread rations
 g - 33 fruits
 k - 2 slices of pizza
 n - 6 chunks of flesh
 o - 3 meat rations
 x - 3 beef jerkies


   Skills:
 + Level 2.4 Fighting
 + Level 2.4 Dodging
 + Level 3.0 Unarmed Combat


You couldn't memorise any spells.
You didn't know any spells.

Dungeon Overview and Level Annotations

Branches:
Dungeon (11/15)            Temple (1/1) D:1            Lair (0/6) D:11
    Orc: D:9-12

Altars:
Ashenzari
Cheibriados
Dithmenos
Elyvilon
Fedhas
Gozag
Hepliaklqana
Kikubaaqudgha
Makhleb
Nemelex Xobeh
Okawaru
Pakellas
Qazlal
Ru
Sif Muna
Trog
Uskayaw
Vehumet
Xom
Yredelemnul
Zin
The Shining One


Innate Abilities, Weirdness & Mutations

You are too large for most types of armour.
You have claws for hands.
Your metabolism is lightning-fast.
You like to eat raw meat.
You heal very quickly.
You are covered in fur. (AC +1)
You have very tough skin. (AC +2)


Message History

You hear a shout! x3
Throwing (i - inventory):
t - 5 tomahawks (quivered)
Press: ? - help, Shift-Dir - straight line, f - gnoll
Aim: a gnoll, wielding a flail (almost dead)
You throw a tomahawk. The tomahawk hits the gnoll.
The gnoll is almost dead.
You feel very buoyant.
You fly up into the air.
The gnoll shouts!
You hear a shout! x5
The gnoll hits you from afar with a spear. 2 gnolls come into view.
The gnoll shouts! x2
The gnoll hits you from afar with a spear!
The gnoll hits you with a spear.
A gnoll comes into view.
You scratch the gnoll but do no damage.
The gnoll hits you from afar with a halberd.
* * * LOW HITPOINT WARNING * * *
The gnoll hits you from afar with a spear.
You die...

*,,,,,,*,,,*,,,*
*,,,,,,*,,,*,,,*
*,,,,,,*,,,*,,,*
#######+**+##*,,,*
#..≈≈8#,,,g.,*,,,* #########
#..≈≈≈#,.g.,,+,,,* ......<.#
#..≈≈≈#..#*,,*,,,*
#######.####..≈≈≈#g.#*,,*****
#...[...≈≈@gg.#*,,+,,,*
#######.≈≈≈#.(#*,,*,,,*
#.≈≈≈#,.#*,,*,,,*
##.≈≈≈#,,..,,*,,,*
#####(.≈≈8#,,,..,*,,,*
#.....#####**+*#+*****
#.....#,,,,,,,,*,,,,,* ###
#.....#,,,,,,,,*,,,,,* ..###
#.....#,,,,,,,,*,,,,>*


You could see 5 gnolls.

Vanquished Creatures
  197 gnolls
  The ghost of LancerX0 the Ruffian, a weakling TrMo of Ru (D:3)
  The ghost of poncheis the Ruffian, a weakling TrBe of Trog (D:6)
  The ghost of koboldina the Inventor, a weakling HOAr of Pakellas (D:8)
  A gnoll zombie (Ossuary)
  35 gnoll skeletons (Ossuary)
236 creatures vanquished.

Vanquished Creatures (collateral kills)
  A gnoll (D:10)
1 creature vanquished.

Grand Total: 237 creatures vanquished

Notes
Turn   | Place    | Note
-------+----------+-------------------------------------------
     0 | D:1      | AlphabetPasta the Troll Berserker began the quest for the Orb.
     0 | D:1      | Reached XP level 1. HP: 22/22 MP: 0/0
    31 | D:1      | Found a staircase to the Ecumenical Temple.
    39 | Temple   | Entered the Ecumenical Temple
  1242 | D:2      | Reached ** piety under Trog
  2432 | D:3      | Noticed LancerX0's ghost (weakling TrMo)
  2444 | D:3      | Killed LancerX0's ghost
  3686 | D:5      | Entered Level 5 of the Dungeon
  3762 | D:5      | Found a sand-covered staircase.
  3767 | Ossuary  | Entered an ossuary
  4851 | D:6      | Noticed poncheis's ghost (weakling TrBe)
  4858 | D:6      | Killed poncheis's ghost
  5576 | D:6      | Found a white marble altar of Elyvilon.
  5919 | D:7      | Reached *** piety under Trog
  6550 | D:8      | Noticed koboldina's ghost (weakling HOAr)
  6911 | D:8      | Killed koboldina's ghost
  7127 | D:9      | Reached **** piety under Trog
  7775 | D:10     | Entered Level 10 of the Dungeon
  8530 | D:10     | Reached ***** piety under Trog
  8637 | D:10     | Got a twisted trident
  8931 | D:11     | Found a staircase to the Lair.
  9641 | D:11     | Slain by a gnoll

Vault maps used:
D:1:      ncdulo_smallfort
D:2:      kennysheep_generic_room_13
D:4:      mumra_celtic_spiral_tile, first_bread
D:5:      nicolae_ossuary_entry_plus
D:6:      corexii_shack_village, old_standard_altar,
          hangedman_decor_peaks_small, minivault_23
D:10:     minmay_opposing_rooms, grunt_tengu_nest
D:11:     erik_lair_orcish_takeover, evilmike_minifort
Temple:   kilobyte_greek_temple
Ossuary:  minmay_ossuary_two_tombs

Action                   || total
-------------------------++-------
Melee: Unarmed           ||   764
       Punch             ||     3
Throw: Tomahawk          ||    94
Invok: Berserk           ||    27
       Burn Spellbooks   ||     2
Evoke: Wand              ||     8
  Use: Scroll            ||    24
       Potion            ||     5
 Stab: Sleeping          ||     2
  Eat: Chunk             ||     6
Armor: Animal skin       ||   101
Dodge: Dodged            ||   276
